 Dungeon Crawl Stone Soup version 0.30-a0-758-gc2c871d025 (webtiles) character file.

Game seed: 4101857531597962721

129 Ijustatesigmund the Conjurer (level 4, -17/24 HPs)
             Began as a Deep Elf Conjurer on Feb 10, 2023.
             Demolished by an ogre
             ... wielding a +0 giant spiked club
              (26 damage)
             ... on level 3 of the Dungeon.
             The game lasted 00:05:48 (3125 turns).

Ijustatesigmund the Conjurer (Deep Elf Conjurer)    Turns: 3125, Time: 00:05:49

Health: -17/24     AC:  6    Str:  4    XL:     4   Next: 88%
Magic:  5/12       EV: 13    Int: 25    God:
Gold:   25         SH:  0    Dex: 13    Spells: 9/12 levels left

rFire   . . .      SeeInvis .    r - +0 shortbow
rCold   . . .      Faith    .    (shield currently unavailable)
rNeg    . . .      Spirit   .    a - +1 robe
rPois   +          Reflect  .    (no helmet)
rElec   .          Harm     .    s - +0 cloak
rCorr   .          Rampage  .    k - +1 pair of gloves
Will    +....                    (no boots)
Stlth   ++                       (no amulet)
HPRegen 0.24/turn                h - ring of willpower
MPRegen 0.13/turn                j - ring of poison resistance

@: no status effects
A: no striking features
a: no special abilities


You were on level 3 of the Dungeon.
You visited 1 branch of the dungeon, and saw 3 of its levels.

You collected 118 gold pieces.
You spent 93 gold pieces at shops.

Inventory:

Hand Weapons
 c - a +0 heavy short sword
 r - a +0 shortbow (weapon)
Missiles
 q - 2 throwing nets
Armour
 a - a +1 robe (worn)
 k - a +1 pair of gloves (worn)
 s - a +0 cloak (worn)
Jewellery
 d - a ring of protection from cold
 h - a ring of willpower (left hand)
 j - a ring of poison resistance (right hand)
Scrolls
 e - 6 scrolls of teleportation
 n - 2 scrolls of immolation
Potions
 b - a potion of magic
 f - 2 potions of curing
 g - a potion of heal wounds
 i - 2 potions of resistance
 l - a potion of invisibility
 m - a potion of berserk rage {unknown}
 p - a potion of attraction {unknown}


   Skills:
 + Level 1.6 Ranged Weapons
 - Level 3.6 Dodging
 - Level 2.4 Stealth
 + Level 4.6 Spellcasting
 + Level 5.3 Conjurations


You had 9 spell levels left.
You knew the following spells:

 Your Spells              Type           Power      Damage    Failure   Level
a - Magic Dart            Conj           100%       1d8       1%          1
b - Searing Ray           Conj           64%        2d6       1%          2

Your spell library contained the following spells:

 Spells                   Type           Power      Damage    Failure   Level
 Beastly Appendage        Tmut           10%        N/A       9%          1
 Dazzling Flash           Conj/Hex       38%        N/A       9%          3
 Wereblood                Tmut           5%         N/A       13%         2
 Spider Form              Tmut/Pois      5%         N/A       26%         3
 Fulminant Prism          Conj/Hex       9%         3d7       28%         4
 Iskenderun's Mystic Bla  Conj/Tloc      19%        2d6       28%         4


Dungeon Overview and Level Annotations

Branches:
Dungeon (3/15)

Altars:

Shops:
D:3 *?(!


Message History

The adder barely misses you.
You shoot an arrow. The arrow hits the adder!
The adder is almost dead.
The adder barely misses you. x2
You shoot an arrow. The arrow closely misses the adder.
The arrow hits the ogre.
The ogre is lightly wounded.
The adder bites you but does no damage. The adder bites you.
You shoot an arrow. The arrow barely misses the adder.
The arrow hits the ogre!
The ogre is moderately wounded.
The adder misses you. The adder bites you but does no damage.
The adder attacks as you move away! The adder closely misses you.
The adder attacks as you move away! The adder barely misses you.
Casting: Searing Ray (safe; 1% risk of failure)
Confirm with . or Enter, or press ? or * to list all spells.
Aiming: Searing Ray (safe; 1% risk of failure)
Press: ? - help, Shift-Dir - straight line, f/p - adder
Aim: an adder (severely wounded, 68% to hit)
The searing ray hits the adder.
You kill the adder! (Press . to maintain the ray.)
The searing ray hits the ogre!
The ogre is severely wounded.
The ogre hits you with a +0 giant spiked club!
Ouch! That really hurt!
The searing ray misses the ogre.
The searing ray misses the ogre.
You finish channelling your searing ray.
The ogre closely misses you.
Casting: Searing Ray (safe; 1% risk of failure)
Confirm with . or Enter, or press ? or * to list all spells.
Aiming: Searing Ray (safe; 1% risk of failure)
Press: ? - help, Shift-Dir - straight line, f - ogre
Aim: an ogre, wielding a +0 giant spiked club (severely wounded, 91% to hit)
The searing ray hits the ogre.
The ogre is severely wounded. (Press . to maintain the ray.)
The ogre hits you with a +0 giant spiked club!!
Ouch! That really hurt!
You die...

#.# ########.# ###
###.....##.# #..
...........# #.#
#.....##.# #.#
#.....##.### #@#
#####....... #O#
#.......
#.##########......
#.'..∩..>..'......
#.##########...... #.#
#.......
#.################
........................
.O.....................†


You could see an ogre.

Vanquished Creatures
  6 adders
  2 worms
  2 dart slugs
  An orc (D:3)
  7 ball pythons
  6 bats
  4 endoplasms
  2 giant cockroaches
  3 goblins
  6 hobgoblins
  3 jackals (D:1)
  7 kobolds
  4 quokkas
  A frilled lizard (D:2)
  5 rats
59 creatures vanquished.

Vanquished Creatures (others)
  3 plants (D:3)
3 creatures vanquished.

Grand Total: 62 creatures vanquished

Notes
Turn   | Place    | Note
-------+----------+-------------------------------------------
     0 | D:1      | Ijustatesigmund the Deep Elf Conjurer began the quest for
                  | the Orb.
     0 | D:1      | Reached XP level 1. HP: 10/10 MP: 6/6
   150 | D:1      | Reached XP level 2. HP: 15/15 MP: 5/8
   153 | D:1      | Learned a level 2 spell: Searing Ray
   742 | D:1      | Reached XP level 3. HP: 19/19 MP: 7/10
  1884 | D:2      | Reached skill level 5 in Conjurations
  2010 | D:2      | Reached XP level 4. HP: 24/24 MP: 8/12
  2252 | D:2      | Identified the +8 dagger of Conformity {vamp, rPois MP+9
                  | SInv}
  2600 | D:3      | Found Ziah Koj's Antique Weapon Boutique.
  2635 | D:3      | Found Viunoele's Distillery.
  2646 | D:3      | Bought a potion of heal wounds for 65 gold pieces
  2878 | D:3      | Found Ranuttea's Magic Scroll Emporium.
  2883 | D:3      | Bought a scroll of identify for 28 gold pieces
  2991 | D:3      | Reached skill level 1 in Ranged Weapons
  3095 | D:3      | Found Xastes's Assorted Antiques.
  3110 | D:3      | Noticed an ogre
  3125 | D:3      | Demolished by an ogre

Illustrated notes

Levels and vault maps discovered:
D:1:      noname_arrival_rooms_in_the_neighbourhood, layout_basic,
          kennysheep_nondescript
D:2:      layout_basic
D:3:      layout_basic, serial_shops, nicolae_shop_hallway_stairs,
          nicolae_shop_overgrown_old_shop, nicolae_diamond_shop, shop,
          nicolae_lakefront_shop, chequers_serial_rivers_room_a

Skill      XL: |  1  2  3  4 |
---------------+-------------+-----
Dodging        | 3 |  3.6
Spellcasting   | 4 |  4.6
Conjurations   | 5 |  5.3
Ranged Weapons | 1 |  1.6
Stealth        | |  2.4

Action                     |  1- 3 |  4- 6 || total
---------------------------+-------+-------++-------
   Fire: Shortbow          |       |    28 ||    28
   Cast: Magic Dart        |    93 |     8 ||   101
         Searing Ray       |     1 |     6 ||     7
    Use: Scroll            |     7 |     6 ||    13
 Armour: Robe              |     3 |     7 ||    10
  Dodge: Dodged            |     3 |    11 ||    14

Table legend: (Time is in decaauts)
 A = Elapsed time spent in this place.
 B = Non-inter-level travel time spent in this place.
 C = Inter-level travel time spent in this place.
 D = Time resting spent in this place.
 E = Time spent auto-exploring this place.
 F = Levels seen in this place.
 G = Mean time per level.
                   A        B        C        D        E       F      G
               +--------+--------+--------+--------+--------+-----+--------+
         Total |   3134 |   3108 |     26 |    561 |   2201 |   3 | 1044.7 |
       Dungeon |   3134 |   3108 |     26 |    561 |   2201 |   3 | 1044.7 |
               +--------+--------+--------+--------+--------+-----+--------+

Top non-repeatable levels by time:
     D:1: 1384 daAuts
     D:2: 1085 daAuts
     D:3: 664 daAuts
